 Dungeon Crawl Stone Soup version 0.30.1-9-gdf580d7c3d (webtiles) character file.

Game seed: 3380661300282888125

104531 monsoonserge the Warrior (level 16, -17/155 HPs)
             Began as a Hill Orc Fighter on Oct 13, 2023.
             Was the Champion of Qazlal.
             Demolished by a caustic shrike simulacrum (40 damage)
             ... in an ice cave.
             The game lasted 01:35:02 (23614 turns).

monsoonserge the Warrior (Hill Orc Fighter)        Turns: 23614, Time: 01:35:03

Health: -17/155    AC: 34    Str: 27    XL:     16   Next: 38%
Magic:  14/15      EV: 16    Int:  8    God:    Qazlal [******]
Gold:   1615       SH: 31    Dex: 13    Spells: 15/15 levels left

rFire   . . .        a - +4 broad axe (venom)
rCold   . . .        c - +0 tower shield
rNeg    + . .        d - +11 scale mail of Anaesthesia {+Inv Regen+ rCorr MP-9}
rPois   .            f - +3 hat of a treasure trove {rN+ Dex+3}
rElec   .            L - +2 cloak
rCorr   +            (no gloves)
SInv    .            H - +2 pair of boots {Stlth+}
Will    +....        S - amulet of reflection
Stlth   +            C - +5 ring of evasion
HPRegen 1.25/turn    j - +4 ring of protection
MPRegen 0.14/turn

%: repel missiles, reflection
@: no status effects
A: no striking features
a: Renounce Religion, Evoke Invisibility, Upheaval, Elemental Force, Disaster
Area


You were in an ice cave.
You worshipped Qazlal.
Qazlal was exalted by your worship.
You visited 3 branches of the dungeon, and saw 21 of its levels.
You also visited: Sewer, Ossuary, Bailey, Gauntlet and Ice Cave.

You collected 2122 gold pieces.
You spent 507 gold pieces at shops.

Inventory:

Hand Weapons
 a - a +4 broad axe of venom (weapon)
 b - the +7 sling "Goluvu" {drain, rF+ rCorr}
   (You took it off a minotaur in a Gauntlet)

   rF:        It protects you from fire.
   rCorr:     It protects you from acid and corrosion.
Missiles
 e - 13 boomerangs of dispersal
 q - 2 curare-tipped darts
 s - 34 javelins
 D - 26 boomerangs
 J - 22 poisoned darts (quivered)
 Z - 7 silver javelins
Armour
 c - a +0 tower shield (worn)
 d - the +11 scale mail of Anaesthesia (worn) {+Inv Regen+ rCorr MP-9}
   (You bought it in a shop on level 1 of the Orcish Mines)

   MP:        It affects your magic capacity (-9).
   +Inv:      It lets you turn invisible.
   Regen:     It increases your rate of health regeneration.
   rCorr:     It protects you from acid and corrosion.
 f - the +3 hat of a treasure trove (worn) {rN+ Dex+3}
   (You found it in a Gauntlet)

   Dex:       It affects your dexterity (+3).
   rN:        It protects you from negative energy.
 H - a +2 pair of boots of stealth (worn)
 L - a +2 cloak (worn)
Jewellery
 j - a +4 ring of protection (right hand)
 u - a ring of see invisible
 v - the ring of Osob {Wiz *Corrode rF+++ Dex+4}
   (You found it on level 4 of the Lair of Beasts)

   [ring of wizardry]

   It improves your spell success rate.
   Dex:       It affects your dexterity (+4).
   rF:        It renders you almost immune to fire.
   *Corrode:  It may corrode you when you take damage.
 C - a +5 ring of evasion (left hand)
 S - an amulet of reflection (around neck)
 Y - a ring of positive energy
Wands
 o - a wand of digging (4)
 F - a wand of quicksilver (9)
 K - a wand of polymorph (2)
 T - a wand of roots (20)
 U - a wand of paralysis (5)
Scrolls
 l - 6 scrolls of fear
 m - 13 scrolls of teleportation
 p - a scroll of torment
 w - 4 scrolls of poison
 x - 3 scrolls of fog
 I - 3 scrolls of blinking
 Q - 4 scrolls of immolation
Potions
 g - 4 potions of resistance
 i - 4 potions of haste
 k - 3 potions of cancellation
 r - 3 potions of mutation
 t - 7 potions of curing
 z - 3 potions of flight
 G - a potion of attraction
 O - 5 potions of heal wounds
 R - 5 potions of ambrosia
 W - 3 potions of might
 X - 4 potions of berserk rage
Miscellaneous
 n - a phial of floods
 V - a tin of tremorstones (1/2)


   Skills:
 + Level 17.0 Fighting
 - Level 15.3(16.0) Axes
 + Level 6.2(10.4) Maces & Flails
 + Level 2.8 Ranged Weapons
 + Level 4.7 Throwing
 + Level 13.0 Armour
 + Level 5.4 Dodging
 - Level 1.0 Stealth
 + Level 15.0 Shields
 + Level 0.1 Unarmed Combat
 + Level 10.6 Invocations
 * Level 5.3 Evocations


You had 15 spell levels left.
You didn't know any spells.
Your spell library contained the following spells:

 Spells                   Type           Power      Damage    Failure   Level
 Beastly Appendage        Tmut           0%         N/A       87%         1
 Slow                     Hex            0%         N/A       87%         1
 Summon Small Mammal      Summ           0%         N/A       87%         1
 Cigotuvi's Dreadful Rot  Necr/Pois/Air  0%         N/A       95%         2
 Ensorcelled Hibernation  Hex/Ice        0%         N/A       95%         2
 Scorch                   Fire           0%         2d5       95%         2
 Sublimation of Blood     Necr           0%         N/A       95%         2
 Wereblood                Tmut           0%         N/A       95%         2
 Call Canine Familiar     Summ           0%         N/A       99%         3
 Confusing Touch          Hex            0%         N/A       99%         3
 Dazzling Flash           Conj/Hex       0%         N/A       99%         3
 Hailstorm                Conj/Ice       0%         3d3       99%         3
 Ignite Poison            Fire/Tmut/Pois 0%         N/A       99%         3
 Inner Flame              Hex/Fire       0%         N/A       99%         3
 Portal Projectile        Hex/Tloc       0%         N/A       99%         3
 Spider Form              Tmut/Pois      0%         N/A       99%         3
 Summon Guardian Golem    Hex/Summ       0%         N/A       99%         3
 Tukima's Dance           Hex            0%         N/A       99%         3
 Vhi's Electric Charge    Tloc/Air       0%         N/A       99%         3
 Animate Dead             Necr           0%         N/A       100%        4
 Cause Fear               Hex            0%         N/A       100%        4
 Dispel Undead            Necr           0%         3d6       100%        4
 Flame Wave               Conj/Fire      0%         2d4       100%        4
 Ice Form                 Ice/Tmut       0%         N/A       100%        4
 Leda's Liquefaction      Hex/Erth       0%         N/A       100%        4
 Agony                    Necr           0%         N/A       100%        5
 Arcjolt                  Conj/Air       0%         1d10      100%        5
 Blade Hands              Tmut           0%         N/A       100%        5
 Borgnjor's Vile Clutch   Necr/Erth      0%         N/A       100%        5
 Freezing Cloud           Conj/Ice/Air   0%         6-21      100%        5
 Irradiate                Conj/Tmut      0%         3d11      100%        5
 Silence                  Hex/Air        0%         N/A       100%        5
 Death Channel            Necr           0%         N/A       100%        6
 Plasma Beam              Fire/Air       0%         2x1d11    100%        6
 Simulacrum               Ice/Necr       0%         N/A       100%        6
 Summon Cactus Giant      Summ           0%         N/A       100%        6
 Dragon Form              Tmut           0%         N/A       100%        7
 Haunt                    Necr/Summ      0%         N/A       100%        7
 Ozocubu's Refrigeration  Ice            0%         4d7       100%        7
 Summon Hydra             Summ           0%         N/A       100%        7
 Infestation              Necr           0%         N/A       100%        8


Dungeon Overview and Level Annotations

Branches:
Dungeon (14/15)            Temple (0/1) D:5            Lair (5/5) D:11
  Swamp (0/4) Lair:2        Snake (0/4) Lair:2        Slime (0/5) Lair:5
    Orc (2/2) D:9             Elf (0/3) Orc:2        Vaults (0/5) D:13
  Sewer (visited)         Ossuary (visited)          Bailey (visited)
  IceCv (1/1)             Gauntlet (visited)

Altars:
Cheibriados
Dithmenos
Elyvilon
Hepliaklqana
Nemelex Xobeh
Qazlal
Xom
Yredelemnul
The Shining One
Lugonu

Shops:
Orc:1 [[:[   Orc:2 (!((

Portals:
Abyss: Lair:3


Message History

You block the white very ugly thing's attack.
You block the caustic shrike simulacrum's attack.
You block the alligator simulacrum's attack.
The alligator simulacrum closely misses you.
Unknown command.
You hit the caustic shrike simulacrum but do no damage.
The caustic shrike simulacrum is moderately damaged.
You closely miss the white very ugly thing.
You slash the alligator simulacrum!
You block the caustic shrike simulacrum's attack.
The white very ugly thing is engulfed in a thunderstorm.
You kill the white very ugly thing!
Qazlal accepts your kill.
You block the caustic shrike simulacrum's attack.
The alligator simulacrum bites you!
* * * LOW HITPOINT WARNING * * *
The alligator simulacrum freezes you!
* * * LOW HITPOINT WARNING * * *
The alligator simulacrum tail-slaps you but does no damage.
It was a potion of heal wounds.
You feel much better.
You block the caustic shrike simulacrum's attack.
The alligator simulacrum is engulfed in blazing flames.
The alligator simulacrum vaporises!
Qazlal accepts your kill.
You block the caustic shrike simulacrum's attack.
You closely miss the caustic shrike simulacrum.
The caustic shrike simulacrum is moderately damaged.
The caustic shrike simulacrum claws you but does no damage.
You slash the caustic shrike simulacrum!
The caustic shrike simulacrum is severely damaged.
The caustic shrike simulacrum claws you!
* * * LOW HITPOINT WARNING * * *
The caustic shrike simulacrum freezes you!!
* * * LOW HITPOINT WARNING * * *
You block the caustic shrike simulacrum's attack.
You feel much better.
The caustic shrike simulacrum claws you!
* * * LOW HITPOINT WARNING * * *
The caustic shrike simulacrum freezes you!!!
You die...

#######
##..∩..##
##...∩...##
##○○.☼.....#
#..○@°°.....#
#..Z○○......#
#..○........#
#.............#
#....8...8....#
#......(......#
##....)!(....#
#...!.©.)...


You could see a caustic shrike simulacrum.

Vanquished Creatures
  Gastronok (Lair:3)
  Frances (D:14)
  Kirke (D:14)
  An orc warlord (Orc:2)
  A very ugly thing (IceCv)
  A minotaur (Gauntlet)
  Josephine (Lair:3)
  Fannar (D:11)
  The ghost of laqueoix the Fencer, a journeyman MfGl of Okawaru (Lair:1)
  8 vault guards
  Erica (D:10)
  6 boulder beetles
  2 centaur warriors
  A death knight (D:10)
  6 hydras
  A catoblepas (Lair:4)
  6 two-headed ogres
  3 death yaks (Lair:4)
  2 tengu warriors (D:14)
  6 orc high priests
  Urug (Lair:1)
  3 large abominations (Gauntlet)
  Nergalle (D:9)
  Amaemon (D:11)
  3 skysharks
  A goliath frog (Lair:5)
  2 spectral hydras (Lair:1)
  2 deep elf pyromancers
  An ugly thing (D:11)
  4 orc sorcerers
  A wolf spider (Lair:5)
  10 orc knights
  A manticore (D:14)
  2 cyclopes
  5 elephants (Lair:1)
  A black mamba (Lair:5)
  Maurice (D:9)
  A rust devil (D:9)
  Maggie (D:7)
  14 cane toads
  2 orange demons
  Joseph (D:9)
  A gargoyle (D:11)
  A smoke demon (D:9)
  3 unseen horrors
  9 komodo dragons
  A kobold demonologist (D:14)
  2 tengu conjurers (D:13)
  5 rime drakes
  3 freezing wraiths (D:14)
  A golden dragon simulacrum (IceCv)
  3 meliai (D:14)
  8 trolls
  2 tyrant leeches
  A hellwing (D:9)
  2 polar bears
  A hornet (D:10)
  25 blink frogs
  2 raiju (Gauntlet)
  7 dream sheep (Lair:5)
  Sigmund (D:6)
  3 spectral black mambas (Lair:1)
  A wyvern (Lair:3)
  6 slime creatures
  7 wraiths
  A ynoxinul (D:9)
  27 yaks
  2 shadows (D:11)
  A vampire (D:11)
  4 hogs (D:14)
  A dire elephant simulacrum (IceCv)
  A death yak simulacrum (Lair:1)
  2 steam dragons
  2 basilisks (Lair:4)
  A catoblepas simulacrum (Lair:1)
  7 wargs
  Grum (D:11)
  15 vampire mosquitoes
  6 small abominations (Gauntlet)
  2 swamp worms (Lair:2)
  4 nagas (Lair:2)
  A harpy simulacrum (IceCv)
  A hydra simulacrum (IceCv)
  The ghost of Psyclone the Conjurer, an amateur OpCj (D:4)
  Edmund (D:6)
  An acid dragon (D:14)
  11 water moccasins
  46 orc warriors
  8 ice beasts
  A swamp drake (D:9)
  Pargi (Sewer)
  A black bear (D:6)
  2 alligator simulacra (IceCv)
  17 wolves
  14 centaurs
  3 ogres
  A phantom (D:6)
  An elf zombie (Ossuary)
  A kobold brigand (D:9)
  17 bullfrogs
  3 gnoll sergeants
  4 scorpions
  13 wights
  11 killer bees
  A lindwurm simulacrum (IceCv)
  6 electric eels
  2 howler monkeys
  2 human zombies (Ossuary)
  7 jellies
  3 hounds
  A gnoll bouda (D:4)
  33 orc priests
  A sleepcap (D:6)
  Jessica (D:3)
  31 orc wizards
  3 iguanas
  2 lightning spires (Gauntlet)
  3 mummies (Ossuary)
  9 adders
  15 gnolls
  2 river rats (D:6)
  A shadow imp (D:6)
  2 white imps (D:6)
  2 adder zombies (Ossuary)
  4 worms
  A dart slug (D:3)
  130 orcs
  7 endoplasms
  3 giant cockroaches (D:6)
  11 goblins
  8 hobgoblins
  4 jackals
  5 quokkas
  9 ball pythons
  5 bats
  2 frilled lizards
  3 goblin zombies (Ossuary)
  A hobgoblin zombie (Ossuary)
  9 kobolds
  5 kobold zombies (Ossuary)
  6 rats
  4 rat zombies (Ossuary)
786 creatures vanquished.

Vanquished Creatures (others)
  A manticore (D:11)
  A yak (D:10)
  A gnoll sergeant (D:10)
  An orc (Bailey)
  A lurking horror (Lair:3)
5 creatures vanquished.

Grand Total: 791 creatures vanquished

Notes
Turn   | Place    | Note
-------+----------+-------------------------------------------
     0 | D:1      | monsoonserge the Hill Orc Fighter began the quest for the
                  | Orb.
     0 | D:1      | Reached XP level 1. HP: 19/19 MP: 1/1
   103 | D:1      | Reached XP level 2. HP: 22/27 MP: 2/2
  1051 | D:2      | Reached XP level 3. HP: 33/33 MP: 3/3
  2131 | D:3      | Reached XP level 4. HP: 40/40 MP: 4/4
  2144 | D:3      | Got the Parchment of the Vexatious Mob
  2152 | D:3      | Noticed Jessica
  2161 | D:3      | Killed Jessica
  2175 | D:3      | Reached skill level 4 in Fighting
  2332 | D:3      | Reached skill level 1 in Dodging
  2332 | D:3      | Found a faded altar of an unknown god.
  2489 | D:3      | Noticed an ice beast
  2582 | D:4      | Found a runed translucent door.
  2605 | D:4      | Reached XP level 5. HP: 16/46 MP: 5/5
  2722 | D:4      | Noticed Psyclone's ghost (amateur OpCj)
  2753 | D:4      | Found a runed translucent door.
  2853 | D:3      | Killed an ice beast
  2854 | D:3      | Reached skill level 5 in Axes
  2854 | D:3      | Reached skill level 1 in Throwing
  2854 | D:3      | Reached XP level 6. HP: 40/53 MP: 6/6
  3030 | D:3      | Found a snail-covered altar of Cheibriados.
  3030 | D:3      | Found a white marble altar of Elyvilon.
  3035 | D:3      | Found a stormy altar of Qazlal.
  3037 | D:3      | Found a glowing golden altar of the Shining One.
  3039 | D:3      | Found a faded altar of an unknown god.
  3058 | D:3      | Became a worshipper of Qazlal Stormbringer
  3813 | D:4      | Reached XP level 7. HP: 55/60 MP: 7/7
  4014 | D:5      | Entered Level 5 of the Dungeon
  4025 | D:5      | Reached skill level 5 in Armour
  4139 | D:5      | Found a staircase to the Ecumenical Temple.
  4251 | D:5      | Reached * piety under Qazlal
  4254 | D:5      | Reached skill level 5 in Fighting
  4905 | D:6      | Reached XP level 8. HP: 64/69 MP: 8/8
  5116 | D:6      | Found a glowing drain.
  5120 | Sewer    | Entered a sewer
  5177 | Sewer    | Noticed Pargi
  5191 | Sewer    | Killed Pargi
  5200 | Sewer    | Identified the +7 scale mail of Seil {rN+}
  5354 | D:6      | Noticed a wraith
  5366 | D:6      | Reached skill level 6 in Fighting
  5378 | D:6      | Killed a wraith
  5379 | D:6      | Reached skill level 10 in Axes
  5447 | D:6      | Reached XP level 9. HP: 61/78 MP: 9/9
  5583 | D:6      | Noticed Edmund
  5591 | D:6      | Killed Edmund
  5816 | D:6      | Reached skill level 1 in Maces & Flails
  5818 | D:6      | Reached ** piety under Qazlal
  5827 | D:6      | Reached skill level 1 in Invocations
  6067 | D:6      | Reached skill level 7 in Fighting
  6225 | D:6      | Noticed Sigmund
  6236 | D:6      | Killed Sigmund
  6612 | D:7      | Found a hazy altar of Hepliaklqana.
  6615 | D:7      | Found a shadowy altar of Dithmenos.
  6791 | D:7      | Reached skill level 5 in Maces & Flails
  6829 | D:7      | Found a flagged portal.
  6855 | D:7      | Identified the +1 hand axe of Autumn {flame, Str-2 Dex+3}
  6889 | Bailey   | Entered a bailey
  7099 | Bailey   | Reached XP level 10. HP: 75/86 MP: 13/13
  7392 | Bailey   | Reached skill level 5 in Invocations
  7671 | Bailey   | Reached *** piety under Qazlal
  7797 | Bailey   | Identified the staff of cold "Xuer" {rC+ Will+ Str+4 SInv}
  8263 | Bailey   | Reached skill level 11 in Fighting
  8263 | Bailey   | Reached XP level 11. HP: 102/102 MP: 14/17
  8652 | D:7      | Noticed Maggie
  8668 | D:7      | Killed Maggie
  8807 | D:8      | Noticed a two-headed ogre
  8826 | D:8      | Killed a two-headed ogre
  9041 | D:8      | Noticed a two-headed ogre
  9047 | D:8      | Killed a two-headed ogre
  9048 | D:8      | Reached skill level 10 in Armour
  9057 | D:8      | Noticed a two-headed ogre
  9070 | D:8      | Killed a two-headed ogre
  9198 | D:8      | Found a sand-covered staircase.
  9220 | Ossuary  | Entered an ossuary
  9946 | D:9      | Reached XP level 12. HP: 112/112 MP: 18/18
  9957 | D:9      | Reached skill level 1 in Stealth
 10005 | D:9      | Reached **** piety under Qazlal
 10418 | D:9      | Found a basalt altar of Yredelemnul.
 10429 | D:9      | Noticed Joseph
 10435 | D:9      | Killed Joseph
 10567 | D:9      | Reached skill level 12 in Fighting
 10648 | D:9      | Noticed Maurice
 10680 | D:9      | Killed Maurice
 10717 | D:9      | Identified the +6 plate armour of the Constellations
                  | {Dex+3}
 10743 | D:9      | Found a staircase to the Orcish Mines.
 10843 | D:9      | Found a sparkling altar of Nemelex Xobeh.
 10868 | D:9      | Reached skill level 5 in Shields
 10964 | D:10     | Entered Level 10 of the Dungeon
 10979 | D:10     | Noticed a death knight
 10993 | D:10     | Reached skill level 1 in Evocations
 10995 | D:10     | Killed a death knight
 11160 | D:10     | Noticed Erica
 11170 | D:10     | Killed Erica
 11218 | D:10     | Noticed Nergalle
 11236 | D:9      | Killed Nergalle
 11456 | D:10     | Found a shimmering altar of Xom.
 11576 | D:10     | Noticed a centaur warrior
 11583 | D:10     | Killed a centaur warrior
 11586 | D:10     | Identified the amulet "Boghie" {Acrobat rF- Will+ Dex+2
                  | Stlth+}
 11940 | D:11     | Reached XP level 13. HP: 92/119 MP: 19/19
 12113 | D:11     | Got the Precepts of the Assorted Continents
 12133 | D:11     | Noticed Fannar
 12143 | D:11     | Killed Fannar
 12179 | D:11     | Found a staircase to the Lair.
 12535 | D:11     | Noticed Amaemon
 12546 | D:11     | Killed Amaemon
 12550 | D:11     | Noticed Grum
 12556 | D:11     | Killed Grum
 13006 | Lair:1   | Entered Level 1 of the Lair of Beasts
 13028 | Lair:1   | Reached skill level 13 in Fighting
 13245 | Lair:1   | Found a runed translucent gate.
 13245 | Lair:1   | Found a runed translucent gate.
 13246 | Lair:1   | Found a runed translucent gate.
 13286 | Lair:1   | Noticed Urug
 13302 | Lair:1   | Killed Urug
 13835 | Lair:1   | Noticed laqueoix's ghost (journeyman MfGl)
 14092 | D:4      | Killed Psyclone's ghost
 14368 | Lair:2   | Reached skill level 15 in Axes
 14440 | Lair:2   | You fall into a shaft and drop 1 floor!
 14450 | Lair:3   | Noticed Josephine
 14458 | Lair:3   | Killed Josephine
 14543 | Lair:3   | Noticed Gastronok
 14558 | Lair:3   | Killed Gastronok
 14625 | Lair:3   | Found a gate leading to a gauntlet.
 14657 | Gauntlet | Entered a Gauntlet
 14657 | Gauntlet | Found a transporter.
 14660 | Gauntlet | Found a transporter.
 14661 | Gauntlet | Found a runed translucent door.
 14666 | Gauntlet | Found a transporter.
 14667 | Gauntlet | Found a transporter.
 14667 | Gauntlet | Found a transporter.
 14677 | Gauntlet | Found a transporter.
 14677 | Gauntlet | Noticed an entropy weaver
 14698 | Gauntlet | Found a transporter.
 14700 | Gauntlet | Found a transporter.
 14704 | Gauntlet | Found a transporter.
 14752 | Gauntlet | Found a transporter.
 14800 | Gauntlet | Found a transporter.
 14821 | Gauntlet | Found a transporter.
 14965 | Gauntlet | Identified the +3 hat of a treasure trove {rN+ Dex+3}
 14977 | Gauntlet | Identified the +8 shortbow "Vepijun" {drain, Str+2 Int+3
                  | Dex+3}
 15106 | Gauntlet | Identified the +7 sling "Goluvu" {drain, rF+ rCorr}
 15106 | Gauntlet | Noticed a minotaur
 15113 | Gauntlet | Killed a minotaur
 15309 | Lair:2   | Reached XP level 14. HP: 51/130 MP: 12/21
 15316 | Lair:2   | Reached skill level 14 in Fighting
 15530 | Lair:2   | Found a staircase to the Swamp.
 15853 | Lair:2   | Found a staircase to the Snake Pit.
 16604 | Lair:3   | Found a one-way gate to the infinite horrors of the Abyss.
 16608 | Lair:3   | Found a corrupted altar of Lugonu.
 16890 | Lair:4   | Reached skill level 1 in Ranged Weapons
 17096 | Lair:4   | Identified the ring of Osob {Wiz *Corrode rF+++ Dex+4}
 17641 | Lair:5   | Entered Level 5 of the Lair of Beasts
 17681 | Lair:4   | Reached skill level 15 in Fighting
 17681 | Lair:4   | Reached skill level 10 in Shields
 17929 | Lair:5   | Reached ***** piety under Qazlal
 18079 | Lair:5   | Reached XP level 15. HP: 94/141 MP: 22/22
 18304 | Lair:5   | Got the Lessons on Bewitching Frost
 18368 | Lair:5   | Found a staircase to the Slime Pits.
 18975 | Lair:1   | Killed laqueoix's ghost
 19166 | D:12     | Reached skill level 10 in Invocations
 19372 | D:12     | Reached skill level 16 in Fighting
 20219 | Orc:1    | Entered Level 1 of the Orcish Mines
 20527 | Orc:1    | Found Dycwufec's Antique Armour Boutique.
 20606 | Orc:1    | Found Bigiw's Book Shop.
 20637 | Orc:1    | Reached ****** piety under Qazlal
 20664 | Orc:1    | Found Atijin's Armour Boutique.
 20739 | Orc:1    | Found Nauppoav's Antique Armour Boutique.
 20877 | Orc:1    | Bought a twisted helmet for 237 gold pieces
 20877 | Orc:1    | Identified the +0 helmet "Lulerhux" {rPois rC- Str+5} (You
                  | bought it in a shop on level 1 of the Orcish Mines)
 20881 | Orc:1    | Bought a jewelled scale mail for 225 gold pieces
 20881 | Orc:1    | Identified the +11 scale mail of Anaesthesia {+Inv Regen+
                  | rCorr MP-9} (You bought it in a shop on level 1 of the
                  | Orcish Mines)
 21038 | Orc:1    | Bought a +0 tower shield for 45 gold pieces
 21062 | Orc:2    | Entered Level 2 of the Orcish Mines
 21200 | Orc:2    | Noticed an orc warlord
 21219 | Orc:2    | Killed an orc warlord
 21347 | Orc:2    | Found a staircase to the Elven Halls.
 22085 | Orc:2    | Reached skill level 5 in Dodging
 22135 | Orc:2    | Found Oxzil's Weapon Boutique.
 22136 | Orc:2    | Found Zewneogg's Antique Weapon Boutique.
 22136 | Orc:2    | Found Waibay's Weapon Shop.
 22137 | Orc:2    | Found Potteromm's Distillery.
 22613 | D:13     | Reached XP level 16. HP: 152/152 MP: 14/23
 22952 | D:13     | Found a gate to the Vaults.
 23409 | D:14     | Noticed Frances
 23422 | D:14     | Killed Frances
 23449 | D:14     | Reached skill level 5 in Evocations
 23474 | D:14     | Reached skill level 17 in Fighting
 23524 | D:14     | Noticed Kirke
 23536 | D:14     | Noticed a sphinx
 23536 | D:14     | Killed Kirke
 23542 | D:14     | Found a frozen archway.
 23546 | D:14     | Reached skill level 15 in Shields
 23598 | IceCv    | Entered an ice cave
 23614 | IceCv    | Demolished by a caustic shrike simulacrum

Illustrated notes

Levels and vault maps discovered:
D:1:      wander_arrival_desolate, layout_basic, dreamdust_princess_bridge
D:2:      layout_loops_corners, hangedman_feature_mirror
D:3:      layout_rooms, chequers_temple_overflow_minitemple,
          shapermc_ecumenical_altar_petra, nicolae_kite_square_tiling_tiny,
          uniq_jessica
D:4:      layout_cave_pools, serial_column_ruins, column_ruins_hut,
          column_ruins_grid_2, column_ruins_open_tiny, column_ruins_grid_1,
          column_ruins_columns_straight, column_ruins_grid_1,
          ebering_ghost_sewer_f
D:5:      layout_basic, minmay_temple_entry_crystal_x
D:6:      layout_loops_ring, gup_sewer_entry_spiral, minmay_misc_feat_tiny,
          st_stairs_5, minmay_chambers_of_fives, uniq_sigmund, uniq_edmund
D:7:      layout_gridville, riverfiend_overflow_shadow_ancestor, enter_bailey_8,
          kennysheep_nub, dreamdust_wishing_well, uniq_maggie
D:8:      layout_loops_ring, enter_ossuary_1
D:9:      layout_roguey [special_room_orc], nemelex_xobeh_ov_fountains_minmay,
          yredelemnul_altar_generic, erik_orc_1, serial_demonic,
          serial_demonic_b, serial_demonic_g, serial_demonic_a,
          serial_demonic_c, uniq_joseph, uniq_maurice
D:10:     layout_rooms, xom_confusion_cloud, uniq_erica, uniq_nergalle
D:11:     layout_basic, hellmonk_lair_entry_icy, minmay_misc_feat_alley,
          uniq_fannar, uniq_grum, uniq_amaemon
D:12:     layout_basic
D:13:     layout_gridville, erik_vaults_2
D:14:     layout_roguey, portal_ice_cave_entry_frozen_things, enter_trove_0,
          hangedman_decor_opposing, uniq_roxanne, uniq_kirke, uniq_frances
Lair:1:   layout_chaotic_city, gammafunk_ghost_necromancy, st_stairs_9,
          uniq_urug
Lair:2:   layout_long_grid, palyth_hydra_swamp_entry,
          minmay_snake_entry_guardpost_large, serial_bayou_pond_d,
          lemuel_fruit_fields
Lair:3:   layout_misc_corridors, gauntlet_entry_generic,
          amcnicky_altar_lugonu_corruption, lemuel_fruit_tree, uniq_gastronok,
          uniq_josephine
Lair:4:   layout_roguey
Lair:5:   minmay_lair_end_frog_pond, layout_long_grid,
          nicolae_slime_entry_field_trip, pdpol_lair_neglected_garden,
          nicolae_lair_run_with_the_wolves
Orc:1:    layout_caves, serial_shops, nicolae_shop_advertising_works
          [nicolae_subvault_shop_adworks], nicolae_square_shop,
          nicolae_shop_crystal, nicolae_shop_rolling_square
Orc:2:    st_orc_pillars, layout_caves
IceCv:    ice_cave_statue_garden_transporter

Skill      XL: |  1  2  3  4  5  6  7  8  9 10 11 12 13 14 15 16 |
---------------+-------------------------------------------------+-----
Axes           | 3 4 5 6 8 10 11 13 15 | 15.3
Armour         | 4 6 7 9 10 11 12 13 | 13.0
Fighting       | 4 5 6 7 11 12 13 15 16 17 | 17.0
Dodging        | 1 2 3 4 5 |  5.4
Throwing       | 1 3 4 |  4.7
Shields        | 4 6 8 11 14 15 | 15.0
Maces & Flails | 5 6 |  6.2
Invocations    | 4 8 9 10 | 10.6
Stealth        | 1 |  1.0
Evocations     | 3 4 5 |  5.3
Ranged Weapons | 2 |  2.8
Unarmed Combat | |  0.1

Action                     |  1- 3 |  4- 6 |  7- 9 | 10-12 | 13-15 | 16-18 || total
---------------------------+-------+-------+-------+-------+-------+-------++-------
  Melee: War axe           |   113 |   123 |   207 |   440 |  1161 |    48 ||  2092
         Flail             |       |       |   140 |   125 |       |       ||   265
         Unarmed           |       |       |       |     2 |       |       ||     2
         Eveningstar       |       |       |       |       |     1 |       ||     1
         Broad axe         |       |       |       |       |       |   116 ||   116
   Fire: Sling             |       |       |       |       |    12 |       ||    12
  Throw: Dart              |       |       |    12 |    16 |     1 |       ||    29
         Boomerang         |       |       |    31 |    70 |       |       ||   101
 Invoke: Upheaval          |       |       |     1 |     9 |    16 |     2 ||    28
  Evoke: Wand              |       |       |       |     2 |       |       ||     2
         Tin of tremorston |       |       |       |       |     2 |       ||     2
    Use: Scroll            |       |       |    11 |     4 |    10 |     3 ||    28
         Potion            |       |       |     1 |     1 |       |     2 ||     4
 Armour: Scale mail        |    67 |    25 |    93 |   151 |    29 |    50 ||   415
         Chain mail        |       |    48 |    78 |       |       |       ||   126
         Plate armour      |       |       |       |    58 |   303 |       ||   361
  Dodge: Dodged            |    57 |    48 |   201 |   383 |   339 |    44 ||  1072
         Repelled          |       |       |       |     3 |     4 |     1 ||     8
  Block: Buckler           |    19 |    19 |   136 |   269 |   322 |       ||   765
         Reflection        |       |       |       |     3 |    16 |     9 ||    28
         Kite shield       |       |       |       |       |   422 |       ||   422
         Tower shield      |       |       |       |       |   296 |   254 ||   550
